Map: 2000 Atmospheres LE

Players

Seither

  • Race: Terran Terran

TeebuL - Winner!

  • Race: Protoss Protoss

Event: DreamHack SC2 Masters 2021 Winter

VOD

Have the link to the VOD?

Description

Time

  • Played on: Oct. 3, 2021, 5:51 a.m.
  • Length: 12:39

All games in this series

Show
View Real Time Build Order
Export as new Build Order

Seither Terran 

Build Orders:  

Get SALT Encoding   

  12  0:00  SCV  
  13  0:12  SCV  
  14  0:18  Supply Depot  
  14  0:24  SCV  
  15  0:39  SCV  
  15  0:41  Barracks  
  16  0:43  Refinery  
  16  0:51  SCV  
  17  1:04  SCV  
  18  1:16  SCV  
  19  1:28  Orbital Command  
  19  1:29  Marine  
  20  1:45  Command Center  
  20  1:50  Barracks Reactor  
  20  1:55  SCV  
  20  1:58  Supply Depot  
  21  2:06  Barracks  
  21  2:09  SCV  
  21  2:15  Bunker  
  22  2:21  SCV  
  23  2:26  Marine x2  
  25  2:32  Barracks  
  25  2:36  SCV  
  26  2:46  Marine x2  
  26  2:48  SCV  
  29  2:56  Barracks Tech Lab  
  30  2:59  Orbital Command  
  30  3:05  Marine x2  
  31  3:06  SCV  
  32  3:18  Stimpack, Marine  
  32  3:19  SCV  
  34  3:21  Barracks Tech Lab  
  34  3:25  Refinery  
  34  3:27  SCV  
  34  3:28  Marine  
  34  3:29  Marine  
  37  3:34  Supply Depot  
  37  3:37  SCV  
  37  3:39  SCV  
  39  3:42  Marine  
  39  3:43  Marine  
  39  3:45  Combat Shield  
  41  3:52  SCV x2  
  41  3:54  Marine x2  
  45  4:00  Supply Depot  
  45  4:03  Marauder x2  
  45  4:06  SCV x2  
  45  4:09  Supply Depot  
  51  4:13  Marine x2  
  53  4:19  Factory  
  53  4:21  SCV  
  53  4:22  SCV  
  55  4:28  Marine x2  
  57  4:32  Engineering Bay  
  57  4:34  Marine x2  
  57  4:36  SCV x2  
  61  4:40  Refinery  
  61  4:42  Supply Depot  
  61  4:48  SCV x2  
  62  4:56  Marauder, Marine x2  
  62  4:57  Marauder  
  68  5:00  SCV x2  
  68  5:03  Starport, Factory Reactor  
  68  5:04  Concussive Shells  
  70  5:12  SCV x2  
  70  5:13  Terran Infantry Weapons Level 1  
  71  5:17  Refinery  
  71  5:18  Supply Depot  
  71  5:24  SCV x2  
  72  5:30  Marine x2  
  72  5:31  Marauder x2  
  78  5:39  SCV x2  
  78  5:41  Supply Depot  
  78  5:42  Supply Depot  
  80  5:49  Medivac  
  82  5:50  Medivac, Factory Reactor, Marine  
  82  5:51  Marine  
  86  5:58  Barracks x2  
  86  6:03  Marauder, SCV x2  
  90  6:10  Marine x2  
  93  6:11  Marauder  
  93  6:16  Supply Depot  
  93  6:18  Supply Depot  
  93  6:23  SCV  
  93  6:24  SCV, Marine  
  93  6:28  Marine x2  
  93  6:30  Medivac  
  98  6:32  Marauder  
  98  6:36  Widow Mine x2  
  98  6:37  Medivac  
  103  6:40  SCV x2  
  103  6:43  Marauder  
  103  6:46  Marine  
  105  6:55  Barracks Reactor, Barracks Tech Lab  
  105  6:57  Command Center  
  105  7:04  Marauder x2, Marine x2  
  104  7:08  Missile Turret  
  101  7:19  Missile Turret  
  101  7:22  Marauder, Marine x2  
  95  7:25  Marine  
  95  7:26  Marauder  
  95  7:27  Medivac x2  
  102  7:32  Missile Turret  
  102  7:37  SCV x2  
  98  7:48  Marauder  
  98  7:49  SCV x2  
  99  8:00  Marauder x2  
  103  8:07  Marine x3  
  103  8:09  Marauder  
  98  8:14  Widow Mine x2  
  98  8:16  SCV  
  98  8:17  SCV  
  104  8:20  Marine  
  104  8:21  Marine  
  104  8:24  Medivac  
  108  8:27  Medivac  
  108  8:29  SCV  
  111  8:37  Marauder, Marine  
  109  8:53  Marauder, Marine x2  
  109  8:54  Marauder  
  95  9:02  Orbital Command  
  95  9:05  Missile Turret  
  95  9:06  Marine  
  95  9:07  Marauder  
  95  9:11  Widow Mine  
  92  9:21  SCV  
  92  9:22  SCV  
  94  9:33  SCV x2  
  94  9:34  SCV, Ghost Academy  
  94  9:38  Marine x3  
  97  9:39  Marauder x2  
  97  9:41  Marine  
  105  9:45  SCV  
  97  9:58  Marauder, Marine  
  90  10:00  Marine x2  
  90  10:01  Marauder x2  
  90  10:04  Widow Mine x2  
  92  10:08  Medivac x2  
  92  10:13  SCV x3  
  99  10:18  Marine x2  
  101  10:28  Missile Turret  
  101  10:29  Marine, Ghost x3  
  101  10:30  Marine  
  101  10:32  Widow Mine  
  101  10:34  Widow Mine  
  113  10:43  Medivac x2  
  113  10:46  Supply Depot  
  113  10:48  Marine x4  
  121  10:57  Widow Mine x2  
  125  11:00  SCV x2  
  127  11:05  Marauder x2  
  127  11:06  Marauder  
  127  11:08  Supply Depot  
  127  11:10  Supply Depot  
  133  11:13  Marine x2  
  135  11:21  Widow Mine  
  135  11:22  Widow Mine  
  139  11:26  Armory  
  139  11:27  Marauder x2  
  139  11:30  Marauder  
  139  11:32  Marine  
  131  11:44  Marine x2  
  131  11:45  Marine  
  124  11:48  Marauder x2  
  124  11:50  Marine  
  124  11:51  Marauder  
  109  12:02  Marine  
  109  12:03  Marine  
  84  12:09  Marauder  
  84  12:10  Marauder  
  84  12:12  Marauder  
Show
View Real Time Build Order
Export as new Build Order

TeebuL Protoss - Winner!

Build Orders: 1 Gate Expand, Oracle Opening, Blink Stalkers 

Get SALT Encoding   

  12  0:00  Probe  
  13  0:12  Probe  
  14  0:17  Pylon  
  14  0:24  Probe (Chrono Boost)  
  15  0:36  Gateway  
  15  0:37  Probe (Chrono Boost)  
  16  0:43  Probe (Chrono Boost)  
  16  0:46  Assimilator  
  17  0:51  Probe  
  18  1:03  Probe  
  19  1:15  Probe  
  20  1:23  Cybernetics Core  
  20  1:33  Nexus  
  20  1:36  Probe  
  21  1:43  Pylon  
  21  1:48  Probe  
  21  1:51  Assimilator  
  22  1:58  Adept (Chrono Boost)  
  22  2:00  Probe  
  25  2:03  Warp Gate  
  25  2:12  Probe (Chrono Boost)  
  26  2:22  Probe (Chrono Boost), Sentry  
  29  2:27  Probe (Chrono Boost)  
  30  2:34  Gateway  
  30  2:39  Probe  
  30  2:40  Twilight Council  
  31  2:45  Probe, Oracle  
  31  2:49  Stalker  
  34  2:53  Probe  
  34  2:57  Probe  
  36  3:05  Probe  
  37  3:09  Blink (Chrono Boost), Probe  
  37  3:11  Pylon  
  38  3:17  Probe  
  39  3:21  Probe  
  40  3:29  Probe  
  40  3:32  Pylon  
  40  3:34  Probe  
  42  3:41  Probe  
  43  3:46  Probe  
  43  3:47  Gateway  
  44  3:50  Gateway  
  44  3:53  Probe  
  44  3:54  Stalker  
  47  3:57  Stalker  
  47  3:58  Probe  
  50  4:05  Probe  
  51  4:10  Probe  
  51  4:11  Pylon  
  51  4:13  Assimilator  
  51  4:14  Shield Battery  
  51  4:15  Assimilator  
  52  4:17  Probe  
  52  4:18  Stalker  
  52  4:22  Stalker, Probe  
  58  4:29  Probe  
  59  4:34  Probe  
  60  4:41  Probe  
  60  4:42  Stalker x2  
  65  4:49  Probe  
  66  4:57  Stalker x2  
  70  5:02  Pylon x2  
  70  5:13  Nexus, Pylon  
  70  5:20  Dark Shrine  
  70  5:25  Stalker x3  
  76  5:29  Probe  
  76  5:32  Probe (Chrono Boost)  
  78  5:41  Probe (Chrono Boost)  
  77  5:44  Probe (Chrono Boost)  
  77  5:46  Forge  
  78  5:50  Charge  
  78  5:52  Probe (Chrono Boost)  
  78  5:53  Probe (Chrono Boost)  
  78  5:56  Probe (Chrono Boost)  
  80  5:57  Gateway  
  80  6:00  Gateway  
  80  6:03  Gateway  
  81  6:05  Gateway  
  81  6:12  Probe  
  81  6:14  Zealot x4  
  81  6:17  Protoss Ground Weapons Level 1 (Chrono Boost)  
  81  6:18  Shield Battery  
  86  6:26  Probe  
  86  6:28  Probe  
  86  6:29  Probe  
  85  6:34  Dark Templar x2  
  89  6:43  Stalker x2  
  89  6:45  Probe  
  94  6:48  Shadow Stride (Chrono Boost)  
  94  6:53  Pylon  
  94  6:59  Probe  
  95  7:01  Dark Templar x4  
  100  7:12  Zealot  
  100  7:13  Zealot x3  
  101  7:18  Probe  
  101  7:20  Probe  
  101  7:21  Probe  
  102  7:30  Probe  
  102  7:32  Probe  
  102  7:33  Probe  
  105  7:37  Zealot x6  
  115  7:56  Stalker  
  117  7:59  Protoss Ground Weapons Level 2 (Chrono Boost)  
  117  8:03  Probe  
  117  8:19  Pylon  
  117  8:20  Pylon  
  117  8:22  Robotics Facility  
  117  8:24  Pylon x2  
  117  8:31  Probe x2  
  117  8:41  Zealot x5  
  117  8:42  Zealot x3  
  107  9:03  Probe x3  
  107  9:05  Zealot x3  
  107  9:06  Zealot x5  
  107  9:09  Assimilator x2  
  126  9:14  Nexus  
  126  9:15  Probe  
  125  9:17  Probe  
  125  9:19  Pylon  
  126  9:30  Robotics Facility, Robotics Bay  
  126  9:37  Sentry x4  
  126  9:38  Zealot x4  
  120  10:03  Dark Templar x8  
  120  10:05  Protoss Ground Armor Level 1 (Chrono Boost)  
  122  10:07  Probe  
  122  10:11  Probe  
  120  10:16  Forge  
  120  10:25  Assimilator  
  120  10:27  Pylon  
  120  10:28  Colossus (Chrono Boost)  
  118  10:30  Assimilator  
  130  10:36  Zealot x2  
  130  10:37  Zealot x3  
  130  10:39  Colossus (Chrono Boost), Shield Battery  
  140  10:48  Zealot  
  140  10:49  Zealot x2, Extended Thermal Lance (Chrono Boost)  
  146  11:03  Zealot x3  
  152  11:08  Probe x3  
  155  11:11  Probe  
  155  11:17  Colossus (Chrono Boost)  
  156  11:19  Pylon  
  156  11:22  Colossus (Chrono Boost)  
  168  11:28  Zealot  
  168  11:34  Zealot x3  
  170  11:42  Sentry  
  170  11:50  Zealot x4  
  144  12:02  Zealot x3  
  144  12:06  Dark Templar  
  128  12:15  Zealot x4  

Tags
 
Add a new tag
Caveats
  • Supply blocks, unpowered buildings, or Contaminate may cause inaccurate times.
  • Supply counts are checked every 10 seconds.